 Dungeon Crawl Stone Soup version 0.28.0-45-g0d030f2227 (webtiles) character file.

Game seed: 17891158827925791082

709 DearestLeader the Shield-Bearer (level 7, -2/60 HPs)
             Began as a Gnoll Fighter on Apr 4, 2022.
             Was a Follower of Okawaru.
             Slain by an ogre
             ... wielding a +0 giant club
              (24 damage)
             ... on level 5 of the Dungeon.
             The game lasted 00:04:22 (4918 turns).

DearestLeader the Shield-Bearer (Gnoll Fighter)     Turns: 4918, Time: 00:04:23

Health: -2/60      AC: 14    Str: 17    XL:     7   Next: 68%
Magic:  10/10      EV: 10    Int:  8    God:    Okawaru [*.....]
Gold:   116        SH:  5    Dex: 11    Spells: 11/11 levels left

rFire   . . .      SeeInvis .   j - +0 trident (protect)
rCold   . . .      Faith    .   c - +0 buckler
rNeg    . . .      Spirit   .   b - +0 scale mail
rPois   .          Reflect  .   (no helmet)
rElec   .          Harm     .   (no cloak)
rCorr   .          Rampage  .   (no gloves)
Will    .....                   (no boots)
Stlth   +.........              (no amulet)
HPRegen 0.20/turn               (no ring)
MPRegen 0.12/turn               (no ring)

@: under a protective aura
A: fangs 1, strong nose, distributed training
a: Renounce Religion, Heroism


You were on level 5 of the Dungeon.
You worshipped Okawaru.
Okawaru was aware of your devotion.
You visited 2 branches of the dungeon, and saw 6 of its levels.

You collected 116 gold pieces.

Inventory:

Hand Weapons
 a - a +0 war axe
 j - a +0 trident of protection (weapon)
Armour
 b - a +0 scale mail (worn)
 c - a +0 buckler (worn)
Wands
 m - a wand of flame (21)
Scrolls
 e - a scroll of enchant weapon {unknown}
 f - a scroll of noise {unknown}
 g - 2 scrolls of teleportation {unknown}
 h - 4 scrolls of identify {unknown}
 k - a scroll of brand weapon {unknown}
 n - 2 scrolls of vulnerability {unknown}
Potions
 d - a potion of might
 i - 3 potions of curing {unknown}
 l - a potion of haste {unknown}
 o - 2 potions of mutation {unknown}


   Skills:
 + Level 7.1 Fighting
 + Level 2.6 Short Blades
 + Level 2.6 Long Blades
 + Level 5.3 Axes
 + Level 2.6 Maces & Flails
 + Level 2.6 Polearms
 + Level 2.6 Staves
 + Level 2.6 Slings
 + Level 2.6 Bows
 + Level 2.6 Crossbows
 + Level 2.6 Throwing
 + Level 7.1 Armour
 + Level 2.6 Dodging
 + Level 2.6 Stealth
 + Level 7.1 Shields
 + Level 2.6 Unarmed Combat
 + Level 2.6 Spellcasting
 + Level 2.1 Conjurations
 + Level 2.1 Hexes
 + Level 2.1 Summonings
 + Level 2.1 Necromancy
 + Level 2.1 Translocations
 + Level 2.1 Transmutations
 + Level 2.1 Fire Magic
 + Level 2.1 Ice Magic
 + Level 2.1 Air Magic
 + Level 2.1 Earth Magic
 + Level 2.1 Poison Magic
 + Level 2.9 Invocations
 + Level 2.6 Evocations


You had 11 spell levels left.
You didn't know any spells.
Your spell library contained the following spells:

 Spells                   Type           Power      Damage    Failure   Level
 Gell's Gravitas          Tloc           4%         N/A       83%         3
 Lesser Beckoning         Tloc           4%         N/A       83%         3
 Teleport Other           Tloc           4%         N/A       83%         3


Dungeon Overview and Level Annotations

Branches:
Dungeon (5/15)             Temple (1/1) D:4

Altars:
Ashenzari
Cheibriados
Dithmenos
Fedhas
Hepliaklqana
Kikubaaqudgha
Makhleb
Nemelex Xobeh
Okawaru
Qazlal
Sif Muna
Trog
Uskayaw
Vehumet
Xom
Yredelemnul
Zin
The Shining One


Innate Abilities, Weirdness & Mutations

You have very sharp teeth.
Your uncanny sense of smell can sniff out nearby items.
Your experience applies equally to all skills.


Message History

The ice beast is almost dead.
The ice beast hits you but does no damage.
You hit the ice beast but do no damage.
The ice beast is almost dead.
The ice beast hits you but does no damage.
You hit the ice beast but do no damage.
You bite the ice beast, but do no damage.
The ice beast is almost dead.
You block the ice beast's attack. The ice beast closely misses you.
You hit the ice beast.
The ice beast is almost dead.
The ice beast hits you but does no damage.
You puncture the ice beast!
You kill the ice beast!
Okawaru accepts your kill.
No target in view!
No target in view!
i - 3 sedimented ruby potions (gained 1)
Found a stone staircase leading down.
There is a stone staircase leading down here.
An ogre comes into view. It is wielding a +0 giant club.
You reach to attack!
You puncture the ogre!
Your weapon exudes an aura of protection.
The ogre is moderately wounded.
You hit the ogre.
The ogre is moderately wounded.
The ogre hits you with a +0 giant club!!
You barely miss the ogre.
The ogre is moderately wounded.
The ogre barely misses you.
You puncture the ogre!
The ogre is severely wounded.
The ogre hits you with a +0 giant club!!
You are too injured to fight recklessly!
You are too injured to fight recklessly!
You are too injured to fight recklessly!
You barely miss the ogre.
The ogre is severely wounded.
The ogre hits you with a +0 giant club!!
You die...

#..# #..#
##.## #..#
#..# #..#
#.## #.>#
..#
##.#########
.##
#.........#
.#
#########.#
.# #.#
.######.#
#@#
........#
#O#
###.#####
#.# #.# #.#
#.# #.#
#.### #.#
#...# #.#
###.# #.#
#.#


You could see an ogre.

Vanquished Creatures
  3 ice beasts (D:5)
  An ogre (D:4)
  A necrophage (D:4)
  A scorpion (D:5)
  An iguana (D:4)
  6 adders
  3 gnolls
  2 dart slugs
  5 orcs
  6 endoplasms
  2 giant cockroaches
  5 goblins
  8 hobgoblins
  13 jackals
  2 quokkas
  5 ball pythons
  3 bats (D:3)
  7 frilled lizards
  6 kobolds
  4 rats
84 creatures vanquished.

Notes
Turn   | Place    | Note
-------+----------+-------------------------------------------
     0 | D:1      | DearestLeader the Gnoll Fighter began the quest for the
                  | Orb.
     0 | D:1      | Reached XP level 1. HP: 23/23 MP: 1/1
   120 | D:1      | Reached XP level 2. HP: 19/29 MP: 2/2
   660 | D:1      | Reached XP level 3. HP: 35/35 MP: 3/3
  1148 | D:2      | Reached skill level 1 in Invocations
  1301 | D:2      | Reached skill level 1 in Short Blades
  1301 | D:2      | Reached skill level 1 in Long Blades
  1301 | D:2      | Reached skill level 1 in Maces & Flails
  1301 | D:2      | Reached skill level 1 in Polearms
  1301 | D:2      | Reached skill level 1 in Staves
  1301 | D:2      | Reached skill level 1 in Slings
  1301 | D:2      | Reached skill level 1 in Bows
  1301 | D:2      | Reached skill level 1 in Crossbows
  1301 | D:2      | Reached skill level 1 in Throwing
  1301 | D:2      | Reached skill level 1 in Dodging
  1301 | D:2      | Reached skill level 1 in Stealth
  1301 | D:2      | Reached skill level 1 in Unarmed Combat
  1301 | D:2      | Reached skill level 1 in Spellcasting
  1301 | D:2      | Reached skill level 1 in Evocations
  1516 | D:2      | Reached XP level 4. HP: 36/41 MP: 5/5
  2151 | D:3      | Reached skill level 1 in Conjurations
  2151 | D:3      | Reached skill level 1 in Hexes
  2151 | D:3      | Reached skill level 1 in Summonings
  2151 | D:3      | Reached skill level 1 in Necromancy
  2151 | D:3      | Reached skill level 1 in Translocations
  2151 | D:3      | Reached skill level 1 in Transmutations
  2151 | D:3      | Reached skill level 1 in Fire Magic
  2151 | D:3      | Reached skill level 1 in Ice Magic
  2151 | D:3      | Reached skill level 1 in Air Magic
  2151 | D:3      | Reached skill level 1 in Earth Magic
  2151 | D:3      | Reached skill level 1 in Poison Magic
  2733 | D:3      | Reached XP level 5. HP: 47/47 MP: 6/6
  3252 | D:3      | Found a faded altar of an unknown god.
  3732 | D:4      | Noticed a necrophage
  3748 | D:4      | Killed a necrophage
  3749 | D:4      | Reached XP level 6. HP: 49/53 MP: 8/8
  3853 | D:4      | Found a staircase to the Ecumenical Temple.
  3869 | Temple   | Entered the Ecumenical Temple
  3876 | Temple   | Became a worshipper of Warmaster Okawaru
  3993 | D:4      | Reached skill level 5 in Axes
  4434 | D:5      | Entered Level 5 of the Dungeon
  4504 | D:5      | Noticed an ice beast
  4516 | D:5      | Killed an ice beast
  4516 | D:5      | Reached * piety under Okawaru
  4517 | D:5      | Reached XP level 7. HP: 37/60 MP: 10/10
  4918 | D:5      | Slain by an ogre

Illustrated notes

Levels and vault maps discovered:
D:1:      matt_arrival_spirals, layout_basic
D:2:      layout_basic
D:3:      layout_basic, shapermc_ecumenical_altar_hornbeckon, feat_on_display
D:4:      layout_loops_ring, minmay_temple_entry_statues_pillars, minivault_27,
          minivault_19, minivault_14, grunt_decor_fettered
D:5:      minmay_skewed_foursquare, layout_basic, chequers_jeans,
          corner_web_ring, roderic_roman_lattice, minmay_checkerbox,
          uniq_blork_the_orc, uniq_pikel
Temple:   nicolae_temple_no_exploring_needed

Skill      XL: |  1  2  3  4  5  6  7 |
---------------+----------------------+-----
Invocations    | 1 2 |  2.9
Short Blades   | 1 2 |  2.6
Long Blades    | 1 2 |  2.6
Maces & Flails | 1 2 |  2.6
Polearms       | 1 2 |  2.6
Staves         | 1 2 |  2.6
Slings         | 1 2 |  2.6
Bows           | 1 2 |  2.6
Crossbows      | 1 2 |  2.6
Throwing       | 1 2 |  2.6
Dodging        | 1 2 |  2.6
Stealth        | 1 2 |  2.6
Unarmed Combat | 1 2 |  2.6
Spellcasting   | 1 2 |  2.6
Evocations     | 1 2 |  2.6
Conjurations   | 1 2 |  2.1
Hexes          | 1 2 |  2.1
Summonings     | 1 2 |  2.1
Necromancy     | 1 2 |  2.1
Translocations | 1 2 |  2.1
Transmutations | 1 2 |  2.1
Fire Magic     | 1 2 |  2.1
Ice Magic      | 1 2 |  2.1
Air Magic      | 1 2 |  2.1
Earth Magic    | 1 2 |  2.1
Poison Magic   | 1 2 |  2.1
Axes           | 5 |  5.3
Fighting       | 7 |  7.1
Armour         | 7 |  7.1
Shields        | 7 |  7.1

Action                   |  1- 3 |  4- 6 |  7- 9 || total
-------------------------+-------+-------+-------++-------
Melee: War axe           |   100 |    45 |       ||   145
       Bite              |     8 |    15 |     7 ||    30
       Trident           |       |   122 |    47 ||   169
  Use: Potion            |       |     1 |       ||     1
Armor: Scale mail        |    62 |    51 |    22 ||   135
Dodge: Dodged            |    52 |    63 |    11 ||   126
Block: Buckler           |    33 |    45 |    13 ||    91
